[Event "Titled Tuesday Blitz August 1 Late 2023"]
[White "Winkels, Marcel"]
[Black "Gerbelli Neto, Eduardo"]
[WhiteFideId "1003887"]
[BlackFideId "2103281"]
[WhiteElo "2070"]
[BlackElo "2309"]
[Result "1-0"]
[Round "6"]
[TimeControl "180+1"]
[Date "2023.08.01"]
[WhiteClock "0:00:10"]
[BlackClock "0:00:11"]
[Board "154"]

1. e4 e5 2. Nf3 Nc6 3. Bb5 a6 4. Ba4 d6 5. d3 f5 6. O-O Nf6 7. d4 b5 8. Bb3 Nxd4 9. Nxd4 exd4 10. exf5 c5 11. Re1+ Kd7 12. Be6+ Kc7 13. c3 dxc3 14. Nxc3 Bb7 15. Bf4 Kb6 16. a4 b4 17. a5+ Ka7 18. Na4 Bc6 19. Nb6 Rb8 20. Qd3 Nh5 21. Be3 Qh4 22. Bd5 Bb5 23. Bc4 Nf4 24. Bxf4 Qxf4 25. Bxb5 axb5 26. Qxb5 d5 27. Qc6 Bd6 28. g3 Qxf5 29. Qxd6 c4 30. Re7+ Rb7 31. Rxb7+ Kxb7 32. a6+ Ka7 33. Qc7# 1-0


[Site "https://www.chess.com"]

[Event "Titled Tuesday Blitz August 1 Late 2023"]
[White "Carlsen, Magnus"]
[Black "Zhigalko, Sergei"]
[WhiteFideId "1503014"]
[BlackFideId "13502956"]
[WhiteElo "3261"]
[BlackElo "2915"]
[Result "1/2-1/2"]
[Round "7"]
[TimeControl "180+1"]
[Date "2023.08.01"]
[WhiteClock "0:00:17"]
[BlackClock "0:00:10"]
[Board "1"]

1. b3 e5 2. Bb2 e4 3. e3 Nf6 4. d3 d5 5. Nd2 exd3 6. cxd3 Bd6 7. Ngf3 O-O 8. Be2 Re8 9. O-O Bf5 10. a3 Nbd7 11. Nh4 Be6 12. Ndf3 Nf8 13. Nd4 Bd7 14. Ndf5 Be5 15. d4 Bd6 16. Nxd6 cxd6 17. a4 Ne4 18. Nf3 Rc8 19. Rc1 Qb6 20. Rxc8 Rxc8 21. Ba1 Qb4 22. h3 b5 23. axb5 Bxb5 24. Bxb5 Qxb5 25. Nd2 Qd3 26. Nxe4 dxe4 27. Qg4 Ne6 28. Rd1 Qxb3 29. d5 f5 30. Qh5 Nf8 31. Kh2 Rc7 32. Rd2 Rf7 33. Qg5 h6 34. Qg3 Qb4 35. Rc2 Qa4 36. Rc1 Qa3 37. Rd1 a5 38. Bd4 Qb3 39. Rc1 Qxd5 40. Rc8 a4 41. Rd8 a3 42. Rxd6 Qb3 43. Rxh6 Qd5 44. Ra6 f4 45. Qg4 a2 46. h4 fxe3 47. fxe3 Qc4 48. Ra8 Qd5 49. Ra4 Qe6 50. Qxe6 Nxe6 51. Rxa2 Nxd4 52. exd4 Rd7 53. Ra4 e3 54. Kg1 Rf7 55. Ra8+ Kh7 56. Re8 Rf4 57. d5 Rxh4 58. Rxe3 Rd4 59. Re5 Kg6 60. Kf2 Kf6 61. Re6+ Kf5 62. Re3 Rxd5 63. Rf3+ Kg6 64. Rg3+ Rg5 65. Rh3 Rf5+ 66. Rf3 Rxf3+ 67. Kxf3 Kf5 68. g4+ Kg5 69. Kg3 g6 70. Kf3 Kf6 71. Kf4 g5+ 72. Ke4 Ke6 73. Kd4 Kd6 74. Ke4 Ke6 75. Kd4 Kd6 76. Ke4 Ke6 1/2-1/2


[Site "https://www.chess.com"]

[Event "Titled Tuesday Blitz August 1 Late 2023"]
[White "Firouzja, Alireza"]
[Black "Harshavardhan G B"]
[WhiteFideId "12573981"]
[BlackFideId "25059009"]
[WhiteElo "3096"]
[BlackElo "2885"]
[Result "1-0"]
[Round "7"]
[TimeControl "180+1"]
[Date "2023.08.01"]
[WhiteClock "0:00:11"]
[BlackClock "0:00:01"]
[Board "2"]

1. e4 e5 2. Nf3 Nc6 3. Bb5 a6 4. Ba4 d6 5. O-O Bd7 6. c3 g6 7. d4 Bg7 8. h3 Nge7 9. Be3 O-O 10. Nbd2 h6 11. Re1 Kh7 12. dxe5 dxe5 13. Qe2 Be6 14. Rad1 Qc8 15. Bb3 Rd8 16. Nf1 Bxb3 17. axb3 Qe6 18. b4 f5 19. Bc5 Rxd1 20. Rxd1 b6 21. Bxe7 Nxe7 22. Ng3 f4 23. Nf1 a5 24. bxa5 Rxa5 25. Qd3 Bf6 26. Qd7 Qxd7 27. Rxd7 Ra2 28. Nxe5 Bxe5 29. Rxe7+ Bg7 30. Rxc7 Rxb2 31. g3 f3 32. Rf7 Rc2 33. Ne3 Rxc3 34. Nd5 Rd3 35. Nxb6 Kg8 36. Rd7 Rb3 37. Nc4 Rb1+ 38. Kh2 Rf1 39. Rd2 Bc3 40. Ne3 Re1 41. Rd3 Bb4 42. Nd5 Bc5 43. Rxf3 Kg7 44. Kg2 Rxe4 45. Rc3 Bd6 46. Rc6 Bf8 47. Rc7+ Kh8 48. Nf4 Bd6 49. Nxg6+ Kg8 50. Rc6 Rd4 51. Nh4 Rd5 52. Nf5 Rxf5 53. Rxd6 Kg7 54. g4 Ra5 55. Kg3 Ra3+ 56. f3 Rb3 57. h4 Ra3 58. g5 hxg5 59. hxg5 Ra4 60. f4 Ra1 61. Kg4 Ra5 62. Rd7+ Kg8 63. f5 Ra6 64. Kh5 Ra1 65. f6 Ra8 66. Kg6 Kh8 67. Rh7+ 1-0


[Site "https://www.chess.com"]

[Event "Titled Tuesday Blitz August 1 Late 2023"]
[White "Pakleza, Zbigniew"]
[Black "Grigoriants, Sergey"]
[WhiteFideId "1119290"]
[BlackFideId "4130804"]
[WhiteElo "2795"]
[BlackElo "2862"]
[Result "1-0"]
[Round "7"]
[TimeControl "180+1"]
[Date "2023.08.01"]
[WhiteClock "0:00:03"]
[BlackClock "0:00:01"]
[Board "3"]

1. d4 Nf6 2. Nf3 d5 3. Bf4 c5 4. c3 e6 5. Nbd2 Bd6 6. Bg3 O-O 7. e3 Qc7 8. c4 cxd4 9. Nxd4 Bxg3 10. hxg3 Nc6 11. Nxc6 bxc6 12. Be2 e5 13. O-O Bf5 14. cxd5 cxd5 15. Qa4 Rac8 16. Ba6 Qc2 17. Nb3 Rb8 18. Qa3 Be6 19. Rac1 Qf5 20. Be2 Qg5 21. Nc5 Bg4 22. Rfe1 Bxe2 23. Rxe2 Qh5 24. f3 Qg5 25. g4 h5 26. gxh5 Nxh5 27. Nd7 Rfc8 28. Rec2 Rxc2 29. Rxc2 Rd8 30. Nc5 d4 31. Ne4 Qh4 32. Re2 d3 33. Rd2 Qe1+ 34. Kh2 Qxe3 35. Qe7 Rf8 36. Qh4 Nf4 37. Ng5 Rb8 38. Qh7+ Kf8 39. Qh8+ Ke7 40. Qxg7 Qxd2 41. Qxf7+ Kd6 42. Ne4+ Kc6 43. Nxd2 Rh8+ 44. Kg1 Ne2+ 45. Kf2 Nd4 46. Qc4+ 1-0


[Site "https://www.chess.com"]

[Event "Titled Tuesday Blitz August 1 Late 2023"]
[White "Zierk, Steven"]
[Black "Bortnyk, Olexandr"]
[WhiteFideId "2034255"]
[BlackFideId "14120828"]
[WhiteElo "2857"]
[BlackElo "3064"]
[Result "1/2-1/2"]
[Round "7"]
[TimeControl "180+1"]
[Date "2023.08.01"]
[WhiteClock "0:00:09"]
[BlackClock "0:00:08"]
[Board "4"]

1. e4 Nf6 2. e5 Nd5 3. d4 d6 4. Nf3 dxe5 5. Nxe5 c6 6. Be2 Bf5 7. O-O Nd7 8. Nf3 e6 9. c4 N5f6 10. Nc3 Bd6 11. Re1 O-O 12. Nh4 Bg6 13. Nxg6 hxg6 14. Bg5 Qc7 15. g3 e5 16. d5 Bc5 17. dxc6 bxc6 18. Bf3 Rfe8 19. Qc2 Bd4 20. h4 Rab8 21. Kg2 Nc5 22. Rab1 Ne6 23. b4 a5 24. a3 axb4 25. axb4 Bxc3 26. Qxc3 Nd4 27. Bxf6 gxf6 28. h5 Rbd8 29. hxg6 fxg6 30. Rh1 e4 31. Bd1 Qe5 32. Ra1 Re7 33. Ra5 Qe6 34. Qe3 Nf5 35. Rxf5 Qxf5 36. Qh6 Kf7 37. c5 Rxd1 38. Qh7+ Ke6 39. Qg8+ Ke5 40. Qb8+ Ke6 41. Qg8+ Ke5 42. Qb8+ Kd4 43. Qd6+ Kc4 44. Rxd1 Qf3+ 45. Kg1 Rh7 46. Rc1+ Kb5 47. Qb8+ Ka4 48. Qa8+ Kb3 49. Qg8+ Kb2 50. Qxh7 Kxc1 51. Qxg6 Kd2 52. Qh6+ Ke2 53. Qf4 Qd3 54. Qe3+ Kd1 55. b5 Qxb5 56. Qd4+ Qd3 57. Qxf6 e3 58. Qf3+ Qe2 59. Qxe2+ Kxe2 60. fxe3 Kxe3 61. Kg2 Kd4 62. g4 Kxc5 63. Kf3 Kd5 64. Kf4 Ke6 65. Ke4 Kf6 66. Kd4 Kg5 67. Kc5 Kxg4 68. Kxc6 1/2-1/2


[Site "https://www.chess.com"]

[Event "Titled Tuesday Blitz August 1 Late 2023"]
[White "Maksimovic, Bojan"]
[Black "Andreikin, Dmitry"]
[WhiteFideId "14408120"]
[BlackFideId "4158814"]
[WhiteElo "2854"]
[BlackElo "3051"]
[Result "0-1"]
[Round "7"]
[TimeControl "180+1"]
[Date "2023.08.01"]
[WhiteClock "0:00:02"]
[BlackClock "0:01:12"]
[Board "5"]

1. Nf3 b5 2. g3 Bb7 3. Bg2 Nf6 4. O-O c5 5. d3 d6 6. c3 g6 7. a4 b4 8. cxb4 cxb4 9. Nbd2 Bg7 10. Nc4 O-O 11. Be3 Nd5 12. Qd2 Nxe3 13. Nxe3 Nc6 14. Rfc1 Na5 15. Qxb4 Rb8 16. Qa3 Bxf3 17. Bxf3 Bxb2 18. Qa2 Bxa1 19. Rxa1 e6 20. h4 d5 21. h5 Nb3 22. Re1 Qa5 23. Rd1 Nd4 24. Qa1 Qb4 25. Ng4 Rfc8 26. h6 Qb2 27. Nf6+ Kh8 28. a5 Nf5 29. e4 dxe4 30. dxe4 Qxa1 31. Rxa1 Nxh6 32. Rd1 Ng8 33. e5 Rb5 34. Nd7 Rxa5 35. Bb7 Rd8 36. Bc6 Rxe5 37. Ra1 Rxd7 38. Bxd7 a5 39. Be8 Kg7 40. Kg2 Nf6 41. Bc6 Rc5 42. Bf3 h5 43. Ra4 g5 44. Kf1 g4 45. Be2 Nd5 46. Bd3 Nb4 47. Be4 f5 48. Bb7 Kf6 49. Ra3 e5 50. Ke2 e4 51. Kf1 Ke5 52. Ke2 Rc2+ 53. Kf1 Rc5 54. Ke2 Kd4 55. Kd2 Rc2+ 56. Kd1 Rxf2 57. Rxa5 e3 58. Ra4 Kc5 59. Ra3 Rd2+ 60. Ke1 Nc2+ 61. Kf1 e2+ 62. Kf2 e1=Q# 0-1


[Site "https://www.chess.com"]

[Event "Titled Tuesday Blitz August 1 Late 2023"]
[White "Pichot, Alan"]
[Black "Pranav, V"]
[WhiteFideId "110973"]
[BlackFideId "25060783"]
[WhiteElo "2842"]
[BlackElo "3018"]
[Result "1-0"]
[Round "7"]
[TimeControl "180+1"]
[Date "2023.08.01"]
[WhiteClock "0:00:42"]
[BlackClock "0:00:00"]
[Board "6"]

1. e4 e5 2. Nf3 Nc6 3. Bb5 a6 4. Ba4 Nf6 5. d3 d6 6. c4 g6 7. h3 Bg7 8. O-O O-O 9. Nc3 Nd7 10. Bg5 f6 11. Be3 Nc5 12. Bxc6 bxc6 13. Bxc5 dxc5 14. Qa4 Qd6 15. Qa5 Rf7 16. Rad1 Bf8 17. Nd2 Qxd3 18. Qa4 Qd8 19. Nb3 Qe8 20. Na5 Bd7 21. Rd3 Rb8 22. Qc2 Bd6 23. Rfd1 Qe7 24. Qe2 Kg7 25. Qd2 f5 26. b3 Rbf8 27. Rxd6 cxd6 28. Qxd6 Be8 29. Qxe7 Rxe7 30. Na4 fxe4 31. Nxc5 e3 32. fxe3 g5 33. Rd6 Rf6 34. Rd8 Bg6 35. Nab7 h5 36. Nd6 h4 37. b4 Bh5 38. e4 Bg6 39. a4 Rf8 40. Rxf8 Kxf8 41. Nxa6 Ra7 42. b5 cxb5 43. axb5 Be8 44. Kf2 Bd7 45. Ke3 Ke7 46. Nf5+ Bxf5 47. exf5 Kf6 48. Ke4 Rd7 49. b6 Rd4+ 50. Ke3 Rd7 51. c5 Kxf5 52. c6 1-0


[Site "https://www.chess.com"]

[Event "Titled Tuesday Blitz August 1 Late 2023"]
[White "Rozen, Eytan"]
[Black "Grischuk, Alexander"]
[WhiteFideId "2816750"]
[BlackFideId "4126025"]
[WhiteElo "2777"]
[BlackElo "3002"]
[Result "0-1"]
[Round "7"]
[TimeControl "180+1"]
[Date "2023.08.01"]
[WhiteClock "0:00:00"]
[BlackClock "0:00:03"]
[Board "7"]

1. e4 e6 2. d4 d5 3. e5 c5 4. c3 Nc6 5. Nf3 Bd7 6. Be2 Nge7 7. O-O Nf5 8. Bd3 cxd4 9. Bxf5 exf5 10. cxd4 Be7 11. Nc3 Be6 12. Ne2 g5 13. Ne1 f4 14. Nd3 Qb6 15. Ne1 O-O-O 16. a3 f6 17. b4 fxe5 18. dxe5 d4 19. Nd3 Kb8 20. Rb1 Bc4 21. b5 Bxd3 22. Qxd3 Nxe5 23. Qe4 Bf6 24. Bb2 Nc4 25. Qd3 Nxb2 26. Rxb2 Rhe8 27. Rc1 Qe6 28. Rbc2 Qe4 29. Qc4 Be5 30. a4 h5 31. a5 g4 32. b6 a6 33. Qb4 h4 34. Nc3 Qc6 35. Na4 Qb5 36. Qa3 d3 37. Rc7 d2 38. Rd1 Qe2 39. Rxb7+ Kxb7 40. Nc5+ Ka8 41. b7+ Ka7 0-1


[Site "https://www.chess.com"]

[Event "Titled Tuesday Blitz August 1 Late 2023"]
[White "Weetik, Vjacheslav"]
[Black "Martinez Alcantara, Jose Eduardo"]
[WhiteFideId "4153472"]
[BlackFideId "3805662"]
[WhiteElo "2768"]
[BlackElo "2979"]
[Result "0-1"]
[Round "7"]
[TimeControl "180+1"]
[Date "2023.08.01"]
[WhiteClock "0:00:03"]
[BlackClock "0:00:24"]
[Board "8"]

1. d4 Nf6 2. c4 e6 3. g3 Bb4+ 4. Bd2 c5 5. Bxb4 cxb4 6. Bg2 a5 7. e4 d6 8. Nd2 e5 9. Ne2 O-O 10. O-O Nc6 11. h3 Re8 12. d5 Ne7 13. a3 bxa3 14. Rxa3 Bd7 15. Nc3 b6 16. Qe2 Ng6 17. Rfa1 Rc8 18. Rb1 h5 19. b4 axb4 20. Rxb4 h4 21. Kh2 hxg3+ 22. fxg3 Rb8 23. Qe3 Ne7 24. Ra6 Nc8 25. Nf3 Qc7 26. Ng5 Qb7 27. Ra2 Qc7 28. Rab2 Re7 29. Bf1 Be8 30. Rf2 Nd7 31. Rb1 Nc5 32. Be2 Qd8 33. Rbf1 Ra8 34. Nb5 Na7 35. Bh5 f6 36. Bxe8 Rxe8 37. Nf3 Nxb5 38. cxb5 Ra4 39. Nh4 Nxe4 40. Rc2 Nc5 41. Nf5 Kf7 42. Qe2 Rh8 43. Qg4 Rxg4 0-1


[Site "https://www.chess.com"]

[Event "Titled Tuesday Blitz August 1 Late 2023"]
[White "Matlakov, Maxim"]
[Black "Volovich, Vasily"]
[WhiteFideId "4168003"]
[BlackFideId "34169676"]
[WhiteElo "2972"]
[BlackElo "2749"]
[Result "1-0"]
[Round "7"]
[TimeControl "180+1"]
[Date "2023.08.01"]
[WhiteClock "0:01:08"]
[BlackClock "0:00:00"]
[Board "9"]

1. e4 e6 2. d4 d5 3. e5 c5 4. c3 Nc6 5. Nf3 Bd7 6. Be2 f6 7. O-O fxe5 8. Nxe5 Nxe5 9. dxe5 Qc7 10. c4 d4 11. Re1 Bc6 12. Bh5+ g6 13. Bf3 O-O-O 14. Nd2 Bg7 15. Ne4 Bxe4 16. Bxe4 Bxe5 17. g3 Ne7 18. Bg5 Bd6 19. Qd3 Rde8 20. Bxe7 Rxe7 21. a3 Rf8 22. b4 Ref7 23. Re2 Kb8 24. Rb1 cxb4 25. axb4 Be5 26. c5 h5 27. Bg2 h4 28. Rbe1 hxg3 29. hxg3 Rf5 30. Ra1 Bg7 31. Rea2 a6 32. Rxa6 bxa6 33. Qxa6 1-0


[Site "https://www.chess.com"]

[Event "Titled Tuesday Blitz August 1 Late 2023"]
[White "Sjugirov, Sanan"]
[Black "Jaracz, Pawel"]
[WhiteFideId "4189302"]
[BlackFideId "1102222"]
[WhiteElo "2951"]
[BlackElo "2731"]
[Result "1-0"]
[Round "7"]
[TimeControl "180+1"]
[Date "2023.08.01"]
[WhiteClock "0:00:30"]
[BlackClock "0:00:00"]
[Board "10"]

1. d4 d5 2. c4 c6 3. Nf3 Nf6 4. e3 Bf5 5. Nc3 e6 6. Nh4 Bg6 7. Be2 Nbd7 8. Nxg6 hxg6 9. Qc2 Bd6 10. cxd5 exd5 11. Bd2 Qe7 12. O-O-O O-O-O 13. f3 Bb4 14. Kb1 Kb8 15. Bd3 Nb6 16. h3 c5 17. dxc5 Bxc5 18. Rhe1 Rc8 19. Qb3 Rhd8 20. Rc1 Nc4 21. Bxc4 dxc4 22. Qc2 Bb4 23. e4 Ka8 24. Bg5 Qc5 25. Bxf6 gxf6 26. Red1 Bxc3 27. Qxc3 Rxd1 28. Rxd1 Qg5 29. Qxc4 Rb8 30. Qc2 Qe5 31. a3 Qe6 32. Qd2 f5 33. Qd7 Qf6 34. exf5 gxf5 35. Qd6 Qg5 36. g4 fxg4 37. hxg4 Qe3 38. Qd3 Qe5 39. Qd5 Qf4 40. Rd4 Qe3 41. Rd3 Qe2 42. Ka2 a6 43. Rb3 Qe7 44. Rb6 Ka7 45. Qd4 Ka8 46. Qf6 Qd7 47. Rd6 Qc7 48. Rb6 1-0


[Site "https://www.chess.com"]

[Event "Titled Tuesday Blitz August 1 Late 2023"]
[White "Morefield, Jason"]
[Black "He, Anthony"]
[WhiteFideId "30920825"]
[BlackFideId "2088215"]
[WhiteElo "2695"]
[BlackElo "2943"]
[Result "1/2-1/2"]
[Round "7"]
[TimeControl "180+1"]
[Date "2023.08.01"]
[WhiteClock "0:00:15"]
[BlackClock "0:00:18"]
[Board "11"]

1. e4 c5 2. Nf3 Nc6 3. Bb5 g6 4. Bxc6 bxc6 5. O-O Bg7 6. Re1 Nh6 7. d3 O-O 8. Nbd2 d6 9. h3 f5 10. Nc4 Nf7 11. e5 Rb8 12. Bf4 Qc7 13. Qd2 Ba6 14. exd6 exd6 15. c3 Qd7 16. Re2 Rbe8 17. Rae1 Rxe2 18. Qxe2 Rd8 19. Qe7 Bf8 20. Qxd7 Rxd7 21. Re8 h6 22. h4 Kg7 23. b3 Be7 24. d4 g5 25. hxg5 hxg5 26. Be3 f4 27. Bd2 Bf6 28. g3 g4 29. Nh4 cxd4 30. cxd4 fxg3 31. Nf5+ Kg6 32. Nxg3 Bxd4 33. Rg8+ Kh7 34. Rxg4 c5 35. Rh4+ Kg8 36. Kg2 Bb7+ 37. Kh3 d5 38. Ne3 Bc8 39. Kg2 Bf6 40. Rg4+ Kf8 41. Nh5 Be5 42. Ra4 Bb7 43. Kg1 Ng5 44. Ng4 Nf3+ 45. Kg2 d4 46. Nxe5 Nxe5+ 47. Kf1 Bc6 48. Ra5 Rh7 49. Ng3 Nf3 50. Bf4 a6 51. Rxc5 Bb5+ 52. Kg2 Ne1+ 53. Kg1 Rh4 54. Rc8+ Kf7 55. Rc7+ Ke6 56. Re7+ Kxe7 57. Nf5+ Ke6 58. Nxh4 Nd3 59. Bd2 Kd5 60. Ng2 Ke4 61. Ne1 Ne5 62. Kg2 Be2 63. f3+ Bxf3+ 64. Kf2 Bd1 65. b4 Nc4 66. Bg5 d3 67. Ng2 d2 68. Bxd2 Nxd2 69. Ke1 Bf3 70. Kxd2 Bxg2 71. a4 Kd5 72. b5 a5 73. b6 Kc6 74. b7 Kxb7 75. Kc3 Kc6 76. Kb2 Kc5 77. Ka1 Kb4 78. Kb2 Bd5 79. Ka1 Ka3 80. Kb1 Bb3 81. Ka1 Kb4 82. Kb1 Kc3 83. Ka1 Bc2 84. Ka2 Kb4 85. Kb2 Bxa4 86. Ka1 Bb3 87. Kb1 a4 88. Ka1 a3 89. Kb1 a2+ 90. Ka1 Ka3 1/2-1/2


[Site "https://www.chess.com"]

[Event "Titled Tuesday Blitz August 1 Late 2023"]
[White "Demidov, Mikhail"]
[Black "Bjelobrk, Igor"]
[WhiteFideId "4197143"]
[BlackFideId "4300726"]
[WhiteElo "2937"]
[BlackElo "2682"]
[Result "1-0"]
[Round "7"]
[TimeControl "180+1"]
[Date "2023.08.01"]
[WhiteClock "0:00:12"]
[BlackClock "0:00:08"]
[Board "12"]

1. Nf3 c5 2. e3 Nf6 3. d4 e6 4. Bd3 d5 5. O-O Nc6 6. b3 cxd4 7. exd4 Bd6 8. Bb2 O-O 9. Nbd2 b6 10. Re1 Bb7 11. a3 Rc8 12. Qe2 Qc7 13. Ne5 Ne7 14. Rac1 Ng6 15. g3 Qe7 16. b4 a5 17. c3 Rc7 18. h4 axb4 19. axb4 Ra8 20. Ra1 Rcc8 21. h5 Nf8 22. h6 g6 23. Bb5 Ne4 24. Qe3 Qc7 25. Nxe4 dxe4 26. c4 f5 27. Bc3 Bxe5 28. dxe5 Bc6 29. Ba6 Rd8 30. Bd4 Rab8 31. Rec1 Rd7 32. b5 Ba8 33. c5 Qd8 34. c6 Ra7 35. Rc3 Qc7 36. Rac1 Rxa6 37. bxa6 b5 38. a7 Rc8 39. Bc5 Qxe5 40. Qd4 Qxd4 41. Bxd4 Kf7 42. Rc5 e5 43. Bxe5 Ne6 44. Rxb5 Ng5 45. Rb8 Nf3+ 46. Kf1 Rxc6 47. Rxc6 Bxc6 48. Bc3 g5 49. a8=Q Bxa8 50. Rxa8 Kg6 51. Ra5 Nh2+ 52. Kg2 Ng4 53. Bg7 e3 54. fxe3 Nxe3+ 55. Kf3 Ng4 56. Ra6+ Kh5 57. Bf8 Nh2+ 58. Kg2 Ng4 59. Re6 f4 60. gxf4 gxf4 61. Kf3 Kg5 62. Bd6 Nh2+ 63. Ke4 1-0


[Site "https://www.chess.com"]

[Event "Titled Tuesday Blitz August 1 Late 2023"]
[White "Piesik, Piotr"]
[Black "Kazakouski, Valery"]
[WhiteFideId "1136194"]
[BlackFideId "13507443"]
[WhiteElo "2643"]
[BlackElo "2902"]
[Result "0-1"]
[Round "7"]
[TimeControl "180+1"]
[Date "2023.08.01"]
[WhiteClock "0:00:01"]
[BlackClock "0:00:31"]
[Board "13"]

1. Nf3 d5 2. g3 Nd7 3. Bg2 e5 4. d3 Ngf6 5. O-O Bc5 6. c3 O-O 7. Qc2 a5 8. e4 dxe4 9. dxe4 h6 10. Nbd2 b6 11. h3 Ba6 12. Rd1 a4 13. b4 axb3 14. Nxb3 Bd6 15. Be3 Qe7 16. Nh4 Ba3 17. Nf5 Qe6 18. Rd2 h5 19. Rad1 g6 20. Nh4 Bb7 21. c4 Bb4 22. Re2 Ba6 23. Rc1 Ba3 24. Rb1 Qxc4 25. Qxc4 Bxc4 26. Rd2 Be6 27. Rc2 c5 28. Nd2 Ra4 29. Nhf3 Nh7 30. Bf1 Rb4 31. Rd1 Ra8 32. Nc4 b5 33. Ncxe5 Nxe5 34. Nxe5 Rb2 35. Rxb2 Bxb2 36. Nd3 Bd4 37. Nxc5 Bxe3 38. Nxe6 Bb6 39. Nf4 Rxa2 40. Ne2 b4 41. h4 Nf6 42. e5 Ng4 43. Nf4 Rxf2 0-1


[Site "https://www.chess.com"]

[Event "Titled Tuesday Blitz August 1 Late 2023"]
[White "Vlassov, Nikolai"]
[Black "Perez Ponsa, Federico"]
[WhiteFideId "4103360"]
[BlackFideId "117927"]
[WhiteElo "2587"]
[BlackElo "2882"]
[Result "0-1"]
[Round "7"]
[TimeControl "180+1"]
[Date "2023.08.01"]
[WhiteClock "0:00:00"]
[BlackClock "0:00:10"]
[Board "14"]

1. e4 c6 2. d4 d5 3. f3 Qb6 4. Nc3 dxe4 5. Bc4 Nf6 6. fxe4 e5 7. dxe5 Ng4 8. Qe2 Nxe5 9. Nf3 Nxc4 10. Qxc4 Be6 11. Qd4 Nd7 12. Qxb6 axb6 13. Ng5 Bc4 14. b3 Ba6 15. Bb2 h6 16. Nf3 b5 17. O-O-O b4 18. Na4 Bb5 19. Rxd7 Bxa4 20. Rxb7 Bb5 21. Ne5 Bd6 22. Nxf7 Bf4+ 23. Kb1 Rf8 24. Ne5 Bxe5 25. Bxe5 Rf2 26. Rd1 Rd8 27. Rxd8+ Kxd8 28. Rxg7 Re2 29. Bf6+ Kc8 30. e5 c5 31. h4 Bc6 32. g4 Be4 33. Kc1 Rxc2+ 34. Kd1 Rxa2 35. e6 Bf3+ 36. Kc1 Re2 37. Rg8+ Kc7 38. e7 Bc6 39. g5 hxg5 40. hxg5 c4 41. bxc4 b3 42. g6 Rc2+ 43. Kd1 Bf3+ 44. Ke1 Re2+ 45. Kf1 Rxe7 46. Bxe7 b2 47. Bd6+ Kb6 48. Rb8+ Bb7 49. Bc5+ Kc6 0-1


[Site "https://www.chess.com"]

[Event "Titled Tuesday Blitz August 1 Late 2023"]
[White "Sargsyan, Shant"]
[Black "Pinheiro, Iung Alicio de O."]
[WhiteFideId "13306766"]
[BlackFideId "2104350"]
[WhiteElo "2972"]
[BlackElo "2630"]
[Result "1-0"]
[Round "7"]
[TimeControl "180+1"]
[Date "2023.08.01"]
[WhiteClock "0:00:10"]
[BlackClock "0:00:05"]
[Board "15"]

1. c4 e5 2. g3 Nc6 3. Bg2 Bc5 4. Nc3 a6 5. e3 d6 6. Nge2 h5 7. d4 Ba7 8. h3 h4 9. g4 f5 10. gxf5 Bxf5 11. d5 Nce7 12. Be4 Qd7 13. Bxf5 Qxf5 14. Qa4+ Kf7 15. Bd2 Nf6 16. O-O-O b5 17. cxb5 axb5 18. Qxb5 Rhb8 19. Qc4 Bc5 20. e4 Qf3 21. a3 Rxa3 22. Kc2 Rab3 23. Bc1 R3b4 24. Qd3 Qxd3+ 25. Kxd3 Ng6 26. f3 Nh5 27. Kc2 Ng3 28. Rh2 Nxe2 29. Rxe2 Bd4 30. Rh2 Nf4 31. Rdh1 g5 32. Nd1 Rc4+ 33. Kb1 Kf6 34. Bxf4 exf4 35. Rc2 Rbb4 36. Rhh2 Bb6 37. Rhg2 Rd4 38. Nf2 Kg6 39. Ng4 Rb3 40. Rc3 Rd3 41. Rxb3 Rxb3 42. Nh2 Bd4 43. Rd2 Re3 44. Rxd4 Re2 45. Ng4 Re1+ 46. Ka2 Rh1 47. Rc4 Rxh3 48. Rxc7 Rxf3 49. e5 dxe5 50. Nxe5+ Kh5 51. Nxf3 g4 52. Rh7+ Kg6 53. Rxh4 Kf5 54. Rxg4 Kxg4 55. Nd4 Kg5 56. Ne6+ Kf6 57. Nxf4 Ke5 58. Kb3 1-0


[Site "https://www.chess.com"]

[Event "Titled Tuesday Blitz August 1 Late 2023"]
[White "Manukyan, Sargis A."]
[Black "Hakobyan, Aram"]
[WhiteFideId "13303970"]
[BlackFideId "13306677"]
[WhiteElo "2665"]
[BlackElo "2923"]
[Result "0-1"]
[Round "7"]
[TimeControl "180+1"]
[Date "2023.08.01"]
[WhiteClock "0:00:21"]
[BlackClock "0:01:30"]
[Board "16"]

1. d4 Nf6 2. c4 a6 3. Nc3 b5 4. b3 e6 5. e3 b4 6. Nce2 Bb7 7. Ng3 h5 8. h4 Bd6 9. Nf3 Bxg3 10. fxg3 Ne4 11. Rh3 d6 12. Bd3 Nd7 13. Qc2 f5 14. Nd2 Ndf6 15. Nxe4 Bxe4 16. Bd2 a5 17. a4 O-O 18. O-O-O Bxd3 19. Qxd3 Ne4 20. Rf1 Qf6 21. Kc2 c5 22. Rf3 Rac8 23. Rh1 d5 24. Kb1 dxc4 25. bxc4 Rfd8 26. d5 exd5 27. Rhf1 dxc4 28. Qxc4+ Qf7 29. Qxf7+ Kxf7 30. Rxf5+ Kg8 31. Be1 c4 32. Re5 c3 33. Kc2 Nd2 34. Rff5 b3+ 0-1


[Site "https://www.chess.com"]

[Event "Titled Tuesday Blitz August 1 Late 2023"]
[White "Kuzmicz, Krystian"]
[Black "Bauman_Guy"]
[WhiteFideId "1119125"]
[WhiteElo "2699"]
[BlackElo "2809"]
[Result "1/2-1/2"]
[Round "7"]
[TimeControl "180+1"]
[Date "2023.08.01"]
[WhiteClock "0:00:19"]
[BlackClock "0:00:21"]
[Board "17"]

1. e4 c6 2. d4 d5 3. f3 g6 4. Nc3 Bg7 5. Be3 a6 6. Qd2 b5 7. Bd3 b4 8. Nce2 a5 9. e5 Ba6 10. Nf4 e6 11. a3 Qb6 12. Nge2 Ne7 13. O-O O-O 14. axb4 axb4 15. Ra4 c5 16. dxc5 Qc7 17. Rfa1 Bxd3 18. Rxa8 Bxe2 19. Nxe2 Nec6 20. f4 g5 21. g3 gxf4 22. gxf4 Kh8 23. Nd4 Bh6 24. Nxc6 Qxc6 25. Qd4 Qb5 26. Kf2 b3 27. c3 Nc6 28. Rxf8+ Bxf8 29. Qa4 Qd3 30. Qxc6 Qc2+ 31. Kg1 Qg6+ 32. Kf2 Qc2+ 33. Ke1 Qxb2 34. Ra8 Qb1+ 35. Kf2 Qc2+ 36. Kg3 Qg6+ 37. Kf3 Qh5+ 38. Kg3 Qg6+ 39. Kf2 Qc2+ 40. Ke1 b2 41. Rxf8+ Kg7 42. Rb8 b1=Q+ 43. Rxb1 Qxb1+ 44. Ke2 Qc2+ 45. Bd2 Qe4+ 46. Kd1 Qb1+ 47. Bc1 Qd3+ 48. Bd2 Qb1+ 49. Ke2 Qe4+ 50. Kf2 Qd3 51. Ke1 Qb1+ 52. Ke2 Qe4+ 1/2-1/2


[Site "https://www.chess.com"]

[Event "Titled Tuesday Blitz August 1 Late 2023"]
[White "Grigorov, Grigor"]
[Black "Ovchinnikov, Vsevolod"]
[WhiteFideId "2907313"]
[BlackFideId "24176842"]
[WhiteElo "2783"]
[BlackElo "2638"]
[Result "0-1"]
[Round "7"]
[TimeControl "180+1"]
[Date "2023.08.01"]
[WhiteClock "0:00:16"]
[BlackClock "0:00:05"]
[Board "18"]

1. Nf3 Nf6 2. c4 g6 3. b3 Bg7 4. Bb2 O-O 5. g3 c6 6. Bg2 d5 7. O-O Be6 8. d3 Qc8 9. Nbd2 Bh3 10. Rc1 Bxg2 11. Kxg2 Rd8 12. cxd5 Nxd5 13. Bxg7 Kxg7 14. Qc2 Nd7 15. b4 a6 16. Qb2+ N5f6 17. a4 Qb8 18. Nc4 Kg8 19. Rc2 Rc8 20. Rfc1 Qa7 21. h3 Rd8 22. b5 axb5 23. axb5 c5 24. b6 Qa4 25. Qc3 Qc6 26. Kg1 Ra6 27. Rb2 Qe6 28. Nce5 Rxb6 29. Rxb6 Qxb6 30. Qc4 e6 31. Qh4 Re8 32. Qf4 Rf8 33. g4 Kg7 34. g5 Nd5 35. Nxd7 Nxf4 36. Nxb6 Nxe2+ 37. Kf1 Nxc1 38. Ne5 Rd8 39. Nec4 Nxd3 40. Na5 Nf4 41. Ke1 Rd3 42. Nbc4 Rxh3 43. Nxb7 Rh5 44. Nbd6 Rxg5 45. Ne8+ Kf8 46. Nf6 Kg7 47. Ne8+ Kh6 48. Nf6 Nd5 49. Nd7 Nf4 50. Nce5 Kg7 51. Nc6 Rd5 52. Nde5 Nd3+ 53. Nxd3 Rxd3 54. Ke2 Rd5 55. Ne7 Kf6 56. Nc8 h5 57. Nb6 h4 58. Nc4 h3 0-1


[Site "https://www.chess.com"]

[Event "Titled Tuesday Blitz August 1 Late 2023"]
[White "Ganiev, Roman"]
[Black "Elsa167"]
[WhiteFideId "4131452"]
[WhiteElo "2608"]
[BlackElo "2768"]
[Result "0-1"]
[Round "7"]
[TimeControl "180+1"]
[Date "2023.08.01"]
[WhiteClock "0:00:00"]
[BlackClock "0:00:15"]
[Board "19"]

1. e4 e6 2. d4 d5 3. Nc3 Bb4 4. e5 c5 5. a3 Bxc3+ 6. bxc3 Nc6 7. Qg4 g6 8. Nf3 h6 9. h4 Qa5 10. Bd2 c4 11. Qf4 Bd7 12. g3 Qa4 13. Ra2 Rh7 14. Nh2 Qb5 15. Ra1 Qb2 16. Rc1 Qxa3 17. Ng4 h5 18. Nf6+ Nxf6 19. Qxf6 Qe7 20. Bg5 Qxf6 21. Bxf6 Nb8 22. Be2 Ba4 23. Kd2 Nd7 24. Bg5 Rh8 25. Ra1 Bc6 26. f3 a5 27. g4 b5 28. Rhg1 Nb6 29. Bf6 Rh7 30. gxh5 Rxh5 31. f4 Rh7 32. h5 gxh5 33. Rg8+ Kd7 34. Rxa8 Nxa8 35. Rxa5 h4 36. Ra1 h3 37. Rh1 h2 38. Bg5 Nb6 39. f5 Na4 40. fxe6+ fxe6 41. Bf4 Rh3 42. Rxh2 Rxc3 43. Rh7+ Kc8 44. Bg4 Bd7 45. Rh8+ Kc7 46. Bg5 Rg3 47. Bd8+ Kc6 48. Bh5 c3+ 49. Ke2 Rg2+ 50. Ke3 Rxc2 51. Be7 Rh2 52. Bf7 Rxh8 0-1


[Site "https://www.chess.com"]